 Dungeon Crawl Stone Soup version 0.28-b1-70-g80dc712255 (webtiles) character file.

Game seed: 10419232234250357978

37 tizbic2 the Magician (level 3, -3/29 HPs)
             Began as a Djinni Venom Mage on Feb 3, 2022.
             Slain by a gnoll (6 damage)
             ... on level 1 of the Dungeon.
             The game lasted 00:06:02 (1757 turns).

tizbic2 the Magician (Djinni Venom Mage)            Turns: 1757, Time: 00:06:03

Health: -3/29      AC:  3    Str:  7    XL:     3   Next: 60%
Gold:   18         EV:  9    Int: 18    God:
                   SH:  0    Dex: 13

rFire   + + .      SeeInvis .   c - +0 dagger
rCold   x . .      Faith    .   (no shield)
rNeg    . . .      Spirit   .   a - +0 robe
rPois   ∞          Reflect  .   d - +0 helmet
rElec   .          Harm     .   (no cloak)
rCorr   .          Rampage  .   (no gloves)
Will    .....                   (boots unavailable)
Stlth   ++........              (no amulet)
HPRegen 0.09/turn               (no ring)
MPRegen 0.00/turn               (no ring)

@: flying, constricted
A: sickness immunity, fire resistance 2, cold vulnerability 1, float, innate
caster, HP casting, extra vitality 1
a: no special abilities


You were on level 1 of the Dungeon.
You visited 1 branch of the dungeon, and saw 2 of its levels.

You collected 18 gold pieces.

Inventory:

Hand Weapons
 c - a +0 dagger (weapon)
Missiles
 b - 59 stones
Armour
 a - a +0 robe (worn)
 d - a +0 helmet (worn)
Potions
 e - a potion of heal wounds {unknown}
 f - a potion of haste {unknown}
 g - 2 potions of might {unknown}


   Skills:
 * Level 2.3 Fighting
 - Level 2.1 Dodging
 - Level 1.5 Stealth
 + Level 2.7 Spellcasting


You couldn't memorise any spells.
You knew the following spells:

 Your Spells              Type           Power      Damage    Failure   Level
a - Sting                 Tmut/Pois      48%        1d5       5%          1
b - Poisonous Vapours     Pois/Air       24%        N/A       9%          2
c - Mephitic Cloud        Conj/Pois/Air  12%        N/A       16%         3
d - Olgreb's Toxic Radia  Pois           12%        N/A       47%         4
e - Pain                  Necr           48%        1d6       5%          1
Your spell library was empty.

Dungeon Overview and Level Annotations

Branches:
Dungeon (2/15)

Altars:

Shops:
D:1 [?*[


Innate Abilities, Weirdness & Mutations

You are immune to sickness and miasma.
You are immune to poison.
Your flesh is very heat resistant. (rF++)
You are vulnerable to cold. (rC-)
You float through the air rather than walking.
You learn spells naturally, not from books.
Your magical power is your life essence.
You have superior vitality. (+4 MHP)


Message History

The adder bites you. The adder barely misses you.
You hit the adder.
The adder is heavily wounded.
The adder barely misses you.
You hit the adder.
The adder is almost dead.
The adder closely misses you.
You closely miss the adder.
The adder is almost dead.
You kill the adder!
You see here an adder corpse.
There is a stone staircase leading down here.
You fly downwards.
The ball python bites you. The ball python grabs you.
The ball python constricts you. The gnoll hits you with a +0 club.
The ball python bites you but does no damage.
The ball python constricts you.
There is a stone staircase leading up here.
You escape the ball python's grasp.
The gnoll hits you with a +0 club. The hobgoblin misses you.
You fly upwards.
There is a stone staircase leading down here.
You hit the ball python.
The ball python is heavily wounded.
The ball python bites you. The ball python closely misses you.
The gnoll misses you. The ball python bites you. The ball python grabs you.
The ball python constricts you.
Aiming: Poisonous Vapours (safe; 9% risk of failure)
Press: ? - help, Q - select action, (/) - cycle Dir - move target, f - ball python
Aim: a ball python (heavily wounded, constricting you) Poisonous vapours surround the ball python!
The ball python is poisoned.
* * * LOW HITPOINT WARNING * * *
The gnoll hits you with a +0 club.
* * * LOW HITPOINT WARNING * * *
The ball python barely misses you. The ball python constricts you.
You hit the ball python but do no damage.
The ball python is heavily wounded.
The gnoll hits you with a +0 club.
You die...

###.##
#.###.##..≈≈≈≈§§§§≈≈§≈
....#
#..........≈≈≈§§≈≈≈≈≈§
...##
#.###.##....≈≈≈§≈≈≈≈≈.
##.#
#............≈≈≈≈≈≈...
#.#
#####.#......≈≈≈≈≈....
##.#
#.##.≈...≈≈≈≈≈....
...#
#.##≈≈≈...≈≈≈≈....
...#
#S##≈≈....≈≈≈≈....
####
#@gg..†....≈≈.....
######............
#####..###### #..#
#..###### #........
######### #.#######
#.......# #.# #####
######.#####.# #.#


You could see a gnoll, a hobgoblin and a ball python (poisoned).

Vanquished Creatures
  An adder (D:1)
  A gnoll (D:1)
  A goblin (D:1)
  A hobgoblin (D:1)
  2 jackals (D:1)
  4 kobolds (D:1)
  2 quokkas (D:1)
  2 ball pythons (D:1)
  A frilled lizard (D:1)
  3 rats (D:1)
18 creatures vanquished.

Notes
Turn   | Place    | Note
-------+----------+-------------------------------------------
     0 | D:1      | tizbic2 the Djinni Venom Mage began the quest for the Orb.
     0 | D:1      | Reached XP level 1. HP: 15/15 MP: 0/0
    56 | D:1      | Found Niop's Magic Scroll Emporium.
   420 | D:1      | Reached skill level 1 in Fighting
   482 | D:1      | Reached XP level 2. HP: 21/22 MP: 0/0
   495 | D:1      | Found a faded altar of an unknown god.
   496 | D:1      | Noticed a shining eye
   525 | D:1      | Noticed a golden eye
   525 | D:1      | Noticed a great orb of eyes
   525 | D:1      | Noticed a golden eye
   678 | D:1      | Found Zesontyd's Armour Shoppe.
  1003 | D:1      | Found Aroezaa's Antique Armour Boutique.
  1110 | D:1      | Found Vuoneith's Assorted Antiques.
  1478 | D:1      | Reached XP level 3. HP: 11/28 MP: 0/0
  1478 | D:1      | Learned a level 1 spell: Pain
  1757 | D:1      | Slain by a gnoll

Illustrated notes

Levels and vault maps discovered:
D:1:      tarquinn_simple_flora_water_d, layout_loops_corners,
          hellmonk_ecumenical_altar_watching_god, serial_shops,
          nicolae_shop_stone, shop, shop, shop, hex_medium, lemuel_old_faithful
D:2:      layout_rooms, item_on_display_a

Skill      XL: |  1  2 |
---------------+-------+-----
Fighting       | 1 2 |  2.3
Dodging        | |  2.1
Stealth        | |  1.5
Spellcasting   | |  2.7

Action                   || total
-------------------------++-------
Melee: Dagger            ||    32
 Cast: Sting             ||    10
       Poisonous Vapours ||    15
Armor: Robe              ||     7
Dodge: Dodged            ||    34
